 Dungeon Crawl Stone Soup version 0.31-a0-851-g7ff8af7976 (webtiles) character file.

Game seed: 6614911300143738279

27446 Dirtsage the Cleaver (level 13, 54/88 (101) HPs)
             Began as a Demonspawn Berserker on Oct 6, 2023.
             Was a High Priest of Trog.
             Quit the game on level 3 of the Lair of Beasts.
             The game lasted 00:22:47 (15011 turns).

Dirtsage the Cleaver (Demonspawn Berserker)        Turns: 15011, Time: 00:22:48

HP:   54/88 (101)   AC: 18    Str: 21    XL:     13   Next: 4%
MP:   11/13         EV: 13    Int: 10    God:    Trog [*****.]
Gold: 1258          SH: 10    Dex: 13    Spells: 12/12 levels left

rFire   . . .        E - +0 war axe
rCold   + . .        N - +0 kite shield
rNeg    . . .        v - +3 ring mail of the Sun {rC+ rCorr SInv}
rPois   +            (helmet unavailable)
rElec   .            (no cloak)
rCorr   +            Q - +0 pair of gloves
SInv    +            (no boots)
Will    .....        (no amulet)
Stlth   +            f - +4 ring of protection
HPRegen 0.34/turn    P - ring of poison resistance
MPRegen 0.26/turn

%: guardian spirit
@: on berserk cooldown, slowed, heavily drained, very slow
A: horns 3, molten scales 2, foul stench 1, magic shield, magic regeneration
a: Renounce Religion, Berserk, Trog's Hand, Brothers in Arms


You were on level 3 of the Lair of Beasts.
You worshipped Trog.
Trog was extremely pleased with you.
You visited 3 branches of the dungeon, and saw 15 of its levels.
You also visited: Bailey.

You collected 1354 gold pieces.
You spent 96 gold pieces at shops.

Inventory:

Hand Weapons
 a - a +0 hand axe
 C - a +2 hand axe of venom
 E - a +0 war axe (weapon)
Missiles
 y - 5 curare-tipped darts
 J - 5 throwing nets
 X - 6 silver javelins
Armour
 b - a +0 animal skin
 e - a +0 plate armour
 v - the +3 ring mail of the Sun (worn) {rC+ rCorr SInv}
   (You found it on level 4 of the Dungeon)

   rC+:       It protects you from cold.
   SInv:      It lets you see invisible.
   rCorr:     It protects you from acid and corrosion.
 N - a +0 kite shield (worn)
 Q - a +0 pair of gloves (worn)
Jewellery
 f - a +4 ring of protection (left hand)
 u - an amulet of guardian spirit
 K - a ring of magical power
 P - a ring of poison resistance (right hand)
 W - a +4 ring of protection
Wands
 i - a wand of charming (7)
 n - a wand of flame (33)
 D - a wand of digging (7)
 F - a wand of light (7)
 R - a wand of roots (6)
 S - a wand of polymorph (6)
 T - a wand of mindburst (3)
Scrolls
 c - 3 scrolls of amnesia {unknown}
 m - 3 scrolls of enchant armour {unknown}
 r - 2 scrolls of fog
 t - 9 scrolls of teleportation
 z - 2 scrolls of brand weapon {unknown}
 A - 3 scrolls of revelation
 B - a scroll of blinking
 H - 2 scrolls of poison
 I - 2 scrolls of enchant weapon
 M - a scroll of immolation
 O - 2 scrolls of noise {unknown}
 V - a scroll of acquirement {unknown}
Potions
 d - 2 potions of attraction {unknown}
 g - a potion of magic {unknown}
 h - 3 potions of brilliance {unknown}
 j - a potion of enlightenment {unknown}
 k - 4 potions of berserk rage {unknown}
 l - 4 potions of heal wounds
 o - 4 potions of resistance {unknown}
 p - a potion of lignification {unknown}
 q - 10 potions of curing
 s - 2 potions of mutation {unknown}
 w - 4 potions of ambrosia {unknown}
 x - 4 potions of might {unknown}
 G - 2 potions of haste {unknown}
 L - a potion of invisibility {unknown}
 U - a potion of cancellation {unknown}


   Skills:
 + Level 9.2 Fighting
 * Level 13.5 Axes
 + Level 8.2 Armour
 + Level 8.0 Dodging
 + Level 7.8 Shields


You had 12 spell levels left.
You didn't know any spells.
Your spell library contained the following spells:

 Spells                   Type           Power      Damage    Failure   Level
 Apportation              Tloc           0%         N/A       75%         1
 Kiss of Death            Conj/Necr      0%         2d5       75%         1
 Necrotise                Necr           0%         1d4       75%         1
 Summon Small Mammal      Summ           0%         N/A       75%         1
 Ensorcelled Hibernation  Hex/Ice        0%         N/A       87%         2
 Jinxbite                 Hex            0%         N/A       87%         2
 Confusing Touch          Hex            0%         N/A       98%         3
 Anguish                  Hex/Necr       0%         N/A       100%        4
 Dispel Undead            Necr           0%         3d6       100%        4
 Olgreb's Toxic Radiance  Pois           0%         N/A       100%        4
 Discord                  Hex            0%         N/A       100%        8
 Ignition                 Fire           0%         3d3       100%        8


Dungeon Overview and Level Annotations

Branches:
Dungeon (11/15)            Temple (1/1) D:4            Lair (3/5) D:9
  Snake (0/4) Lair:3       Bailey (visited)
  Swamp: Lair:2-3    Shoals: Lair:2-3       Orc: D:9-12

Altars:
Ashenzari
Cheibriados
Dithmenos
Fedhas
Gozag
Hepliaklqana
Kikubaaqudgha
Makhleb
Nemelex Xobeh
Okawaru
Qazlal
Ru
Sif Muna
Trog
Uskayaw
Vehumet
Wu Jian
Xom
Yredelemnul

Shops:
D:10 !

Annotations:
D:10 1 runed translucent door, Pi314's ghost, journeyman DsVM


Innate Abilities, Weirdness & Mutations

You have a pair of large horns on your head.
You are mostly covered in molten scales. (AC +3)
You may rarely emit foul miasma when damaged in melee.
When hurt, damage is shared between your health and your magic reserves.
You regenerate magic rapidly.


Message History

Sonja looks as sick as possible!
Sonja gestures wildly while chanting.
Sonja blinks!
You take 6 damage, and have 67/91 hp.
You feel very sick.
Sonja mumbles some strange words.
Sonja blinks!
Sonja gestures wildly while chanting.
Sonja blinks!
You take 4 damage, and have 63/91 hp.
You feel very sick.
Sonja mumbles some strange words.
Sonja blinks!
Sonja hits you but does no damage.
You feel drained. Sonja hits you but does no damage.
You feel drained. You block Sonja's attack.
You take 3 damage, and have 60/89 hp.
You closely miss Sonja.
Sonja is severely wounded.
You feel sick. Sonja completely misses you. Sonja hits you but does no damage.
You feel drained. Sonja barely misses you.
You take 1 damage, and have 59/88 hp.
You feel sick.
Sonja throws a curare-tipped dart.
You block the curare-tipped dart. You block Sonja's attack.
Sonja hits you with a +0 dagger of draining.
You feel drained. Sonja hits you but does no damage.
You feel drained.
You take 4 damage, and have 55/86 hp.
You now have 9/13 mp.
You miss Sonja.
Sonja is severely wounded.
You feel sick. Sonja hits you but does no damage.
You feel drained. Sonja hits you but does no damage.
You feel drained. You block Sonja's attack. Sonja closely misses you.
You block Sonja's attack. Sonja barely misses you.
You take 1 damage, and have 54/83 hp.
You feel sick.
You kill Sonja!
Trog accepts your kill.
Trog appreciates your killing of a magic user.
You take 1 damage, and have 53/88 hp.
You feel sick.
You are no longer poisoned.
Unknown command.
Are you sure you want to abandon this character and quit the game? (Confirm with "yes".)

....P..#.#...........#..#.#
....#....#................
...##..P..#.P........#.... .
.#.#.....##.P.##.....P.## ..
......#####+P.P#........# ...
.#....# #.........#.##....
......# #..##.....#>...#
......# ##..#.....#..#
......# #...@).....# ......#
#...........P.P..
......+######................
...#.....P#.#...........#.P..
....#....##........#...#..##[
†...#....##......#.#...##..
....P.......P..........# ..#
.#........#.............#...
.#.......##.P........P....


There were no monsters in sight!

Vanquished Creatures
  Gastronok (Lair:3)
  Harold (D:9)
  A hydra (Lair:2)
  Erolcha (D:9)
  A two-headed ogre (D:11)
  Sonja (Lair:3)
  5 skeletal warriors (D:11)
  A cyclops (D:11)
  An ugly thing (D:11)
  5 cane toads
  4 komodo dragons
  A rime drake (Lair:1)
  2 unseen horrors
  3 trolls
  A polar bear (Lair:2)
  A hornet (D:9)
  7 blink frogs
  40 yaks
  A vampire (D:11)
  7 wraiths
  A wyvern (Lair:3)
  3 shadows (D:11)
  A basilisk (D:11)
  A steam dragon (D:9)
  An acid dragon (D:10)
  3 nagas (Lair:3)
  Duvessa (D:6)
  6 water moccasins
  9 orc warriors
  2 sky beasts
  The ghost of Reshi88 the Ducker, an amateur MiMo (D:3)
  5 black bears
  3 ogres
  6 centaurs
  2 phantoms
  4 kobold brigands (Bailey)
  12 bullfrogs
  A gnoll sergeant (D:10)
  5 scorpions
  Dowan (D:6)
  7 killer bees
  3 howler monkeys
  7 orc priests
  3 hounds
  A jelly (D:5)
  A gnoll bouda (D:4)
  2 iguanas
  12 orc wizards
  Natasha (twice) (D:2)
  14 gnolls
  11 adders
  4 white imps
  An ufetubus (D:7)
  2 worms
  3 dart slugs (D:1)
  56 orcs
  5 ball pythons
  2 endoplasms
  2 giant cockroaches
  9 goblins
  6 hobgoblins
  23 kobolds
  A quokka (D:3)
  6 bats
  4 frilled lizards
  3 rats
343 creatures vanquished.

Notes
Turn   | Place    | Note
-------+----------+-------------------------------------------
     0 | D:1      | Dirtsage the Demonspawn Berserker began the quest for the
                  | Orb.
     0 | D:1      | Reached XP level 1. HP: 18/18 MP: 1/1
   122 | D:1      | Reached skill level 3 in Axes
   169 | D:1      | Gained mutation: You regenerate magic rapidly. [demonic
                  | ancestry]
   169 | D:1      | Reached XP level 2. HP: 20/24 MP: 2/2
   776 | D:2      | Gained mutation: You have a pair of small horns on your
                  | head. [demonic ancestry]
   776 | D:2      | Reached XP level 3. HP: 27/29 MP: 3/3
   781 | D:2      | Identified the +9 sling "Xedu" {antimagic, *Slow Int+9
                  | Stlth+}
   800 | D:2      | Noticed Natasha
   816 | D:2      | Killed Natasha
   817 | D:2      | Reached skill level 4 in Axes
  1035 | D:2      | Reached ** piety under Trog
  1036 | D:2      | Reached XP level 4. HP: 34/35 MP: 4/4
  1271 | D:2      | Noticed Natasha
  1285 | D:2      | Killed Natasha
  1286 | D:2      | Reached skill level 5 in Axes
  1494 | D:3      | Found a faded altar of an unknown god.
  1599 | D:3      | Found a runed translucent door.
  1605 | D:3      | Reached XP level 5. HP: 41/41 MP: 5/5
  1636 | D:3      | Noticed Reshi88's ghost (amateur MiMo)
  2055 | D:3      | Reached *** piety under Trog
  2275 | D:3      | Reached skill level 6 in Axes
  2279 | D:3      | Killed Reshi88's ghost
  2280 | D:3      | Reached XP level 6. HP: 47/47 MP: 6/6
  2436 | D:4      | Found a staircase to the Ecumenical Temple.
  2449 | D:4      | Reached skill level 7 in Axes
  2484 | Temple   | Entered the Ecumenical Temple
  2512 | D:4      | Gained mutation: You have a pair of horns on your head.
                  | [demonic ancestry]
  2512 | D:4      | Reached XP level 7. HP: 52/52 MP: 7/7
  2786 | D:4      | Identified the +3 ring mail of the Sun {rC+ rCorr SInv}
  2870 | D:4      | Reached skill level 8 in Axes
  3305 | D:5      | Entered Level 5 of the Dungeon
  3413 | D:5      | Reached skill level 9 in Axes
  3413 | D:5      | Gained mutation: You have a pair of large horns on your
                  | head. [demonic ancestry]
  3413 | D:5      | Reached XP level 8. HP: 58/58 MP: 8/8
  4484 | D:6      | Reached skill level 1 in Shields
  4735 | D:6      | Found a radiant altar of Vehumet.
  4735 | D:6      | Identified the +6 demon blade "Cutasina" {freeze, Fly}
  4798 | D:6      | Noticed an unseen horror
  4801 | D:6      | Killed an unseen horror
  4987 | D:6      | Noticed Duvessa
  4987 | D:6      | Noticed Dowan
  4992 | D:6      | Killed Dowan
  4999 | D:6      | Killed Duvessa
  5000 | D:6      | Gained mutation: When hurt, damage is shared between your
                  | health and your magic reserves. [demonic ancestry]
  5000 | D:6      | Reached XP level 9. HP: 54/65 MP: 9/9
  5170 | D:6      | Found an ornate altar of the Wu Jian Council.
  5911 | D:7      | Reached skill level 10 in Axes
  6384 | D:7      | Reached skill level 5 in Fighting
  6923 | D:8      | Reached **** piety under Trog
  7097 | D:8      | Found a flagged portal.
  7106 | Bailey   | Entered a bailey
  7500 | Bailey   | Found a bloodstained altar of Trog.
  7512 | Bailey   | Gained mutation: You are partially covered in molten
                  | scales. (AC +2) [demonic ancestry]
  7512 | Bailey   | Reached XP level 10. HP: 60/75 MP: 7/10
  7885 | D:8      | Found an opulent altar of Gozag.
  7889 | D:8      | Found a stormy altar of Qazlal.
  8431 | D:9      | Noticed Harold
  8444 | D:9      | Killed Harold
  8445 | D:9      | Reached skill level 5 in Armour
  8445 | D:9      | Reached skill level 5 in Dodging
  8729 | D:9      | Reached ***** piety under Trog
  9063 | D:9      | Found a staircase to the Lair.
  9089 | D:9      | Reached skill level 5 in Shields
  9443 | D:9      | Reached skill level 11 in Axes
  9486 | D:9      | Noticed Erolcha
  9493 | D:9      | Killed Erolcha
  9494 | D:9      | Reached XP level 11. HP: 83/83 MP: 11/11
  9628 | D:9      | Found a snail-covered altar of Cheibriados.
  9685 | D:10     | Entered Level 10 of the Dungeon
  9920 | D:10     | Found Junun's Distillery.
  9928 | D:10     | Bought a potion of curing for 36 gold pieces
  9928 | D:10     | Bought a potion of heal wounds for 60 gold pieces
 10279 | D:10     | Noticed a seven-headed hydra
 10279 | D:10     | Noticed a six-headed hydra
 10281 | D:10     | Noticed a boulder beetle
 10281 | D:10     | Noticed a boulder beetle
 10282 | D:10     | Noticed an ogre mage
 10296 | D:10     | Noticed a tengu warrior
 10297 | D:10     | Noticed an ogre mage
 10776 | D:10     | Found a runed translucent door.
 10776 | D:10     | Noticed a stone giant
 10776 | D:10     | Noticed Pi314's ghost (journeyman DsVM)
 10938 | D:11     | Noticed a brown ugly thing
 10949 | D:11     | Killed a brown ugly thing
 11028 | D:11     | Reached skill level 12 in Axes
 11058 | D:11     | Noticed a skeletal warrior
 11058 | D:11     | Noticed a skeletal warrior
 11073 | D:11     | Killed a skeletal warrior
 11081 | D:11     | Killed a skeletal warrior
 11107 | D:11     | Noticed a skeletal warrior
 11107 | D:11     | Noticed a skeletal warrior
 11115 | D:11     | Noticed a two-headed ogre
 11121 | D:11     | Killed a two-headed ogre
 11252 | D:11     | Gained mutation: You are mostly covered in molten scales.
                  | (AC +3) [demonic ancestry]
 11252 | D:11     | Reached XP level 12. HP: 92/92 MP: 12/12
 12468 | Lair:1   | Entered Level 1 of the Lair of Beasts
 13603 | Lair:2   | Reached skill level 13 in Axes
 13810 | Lair:2   | Noticed a seven-headed hydra
 13825 | Lair:2   | Killed a 16-headed hydra
 14678 | Lair:3   | Noticed Gastronok
 14697 | Lair:3   | Killed Gastronok
 14883 | Lair:3   | Found a staircase to the Snake Pit.
 14892 | Lair:3   | Gained mutation: You may rarely emit foul miasma when
                  | damaged in melee. [demonic ancestry]
 14892 | Lair:3   | Reached XP level 13. HP: 88/101 MP: 11/13
 14989 | Lair:3   | Noticed Sonja
 15007 | Lair:3   | Killed Sonja
 15011 | Lair:3   | Quit the game

Illustrated notes

Levels and vault maps discovered:
D:1:      saegor_arrival_simple_a, layout_basic
D:2:      layout_loops_ring, serial_rivers, chequers_serial_rivers_marsh,
          chequers_serial_rivers_small_b, chequers_serial_rivers_micro_c,
          chequers_serial_rivers_small_b, chequers_serial_rivers_small_a,
          chequers_serial_rivers_micro_b, uniq_natasha
D:3:      layout_basic, hellmonk_ecumenical_altar_pennies_from_heaven,
          ebering_ghost_sewer_d, minmay_divided_ellipse
D:4:      layout_loops_ring, minmay_temple_entry_crystal_x
D:5:      layout_basic, minmay_misc_feat_more_columns, minmay_small_thing
D:6:      layout_loops_ring, kennysheep_little_box, vehumet_crystals,
          hangedman_decor_growths, nicolae_houndstooth_variations, uniq_duvessa
D:7:      layout_layer_cave
D:8:      layout_basic, grunt_temple_overflow_open, enter_bailey_3
D:9:      layout_basic, slow_altar_2, due_lair_maze_entry_diamond, special_room
          [special_room_orc], uniq_harold, uniq_erolcha
D:10:     layout_irregular_city, ebering_ghost_inner_flame, serial_shops,
          nicolae_shop_tiny_statue_garden, minivault_12
D:11:     minmay_s_stair_smasher, layout_stronghold, zin_scriptorium
Temple:   nicolae_temple_elliptical
Lair:1:   layout_regular_city
Lair:2:   layout_gridlike, chequers_serial_rivers_large_a, minmay_holes
Lair:3:   layout_long_grid, elwin_shoals_entry_rocks,
          nicolae_snake_entry_squirm, chequers_serial_rivers_room_a,
          lemuel_fruit_tree, uniq_sonja, uniq_snorg, uniq_gastronok

Skill      XL: |  1  2  3  4  5  6  7  8  9 10 11 12 |
---------------+-------------------------------------+-----
Axes           | 3 4 5 6 7 9 10 11 12 13 | 13.5
Armour         | 3 4 6 7 8 |  8.2
Dodging        | 3 4 5 6 8 |  8.0
Shields        | 2 4 5 6 7 |  7.8
Fighting       | 4 5 6 8 9 |  9.2

Action                     |  1- 3 |  4- 6 |  7- 9 | 10-12 | 13-15 || total
---------------------------+-------+-------+-------+-------+-------++-------
  Melee: Hand axe          |    77 |   111 |   369 |   556 |       ||  1113
         Headbutt          |     3 |    16 |    71 |   187 |     3 ||   280
         Punch             |       |     2 |     5 |     3 |       ||    10
         War axe           |       |       |       |   100 |     6 ||   106
  Throw: Dart              |       |       |       |     1 |       ||     1
 Invoke: Berserk           |       |     5 |    14 |    14 |     1 ||    34
         Trog's Hand       |       |       |     1 |       |       ||     1
  Evoke: Wand              |       |       |       |     1 |     2 ||     3
    Use: Scroll            |       |       |       |     6 |       ||     6
         Potion            |       |       |       |     1 |       ||     1
 Armour: Plate armour      |    73 |    97 |    22 |       |       ||   192
         Animal skin       |     2 |       |       |       |       ||     2
         Ring mail         |       |       |   212 |   428 |    17 ||   657
  Dodge: Dodged            |    23 |    30 |   225 |   321 |    13 ||   612
  Block: Kite shield       |       |       |       |   203 |    11 ||   214

Table legend: (Time is in decaauts)
 A = Elapsed time spent in this place.
 B = Non-inter-level travel time spent in this place.
 C = Inter-level travel time spent in this place.
 D = Time resting spent in this place.
 E = Time spent auto-exploring this place.
 F = Levels seen in this place.
 G = Mean time per level.
                   A        B        C        D        E       F      G
               +--------+--------+--------+--------+--------+-----+--------+
         Total |  15229 |  14658 |    571 |   1480 |  10946 |  16 |  951.8 |
       Dungeon |  12143 |  11632 |    511 |   1106 |   8789 |  11 | 1103.9 |
        Temple |      1 |      1 |      0 |      0 |      0 |   1 |    1.0 |
          Lair |   2591 |   2531 |     60 |     89 |   2063 |   3 |  863.7 |
        Bailey |    492 |    492 |      0 |    284 |     94 |   1 |  492.0 |
               +--------+--------+--------+--------+--------+-----+--------+

Top non-repeatable levels by time:
    D:11: 1533 daAuts
     D:7: 1510 daAuts
     D:9: 1309 daAuts
    D:10: 1203 daAuts
     D:5: 1141 daAuts
     D:6: 1124 daAuts
  Lair:1: 1122 daAuts
  Lair:2: 1025 daAuts
     D:4: 1011 daAuts
     D:3: 974 daAuts
     D:8: 914 daAuts
     D:2: 770 daAuts
     D:1: 649 daAuts
  Bailey: 492 daAuts
  Lair:3: 444 daAuts
